[ AOE2 MATCH · #507619589 ]
UnrankedItalians vs Bengalis
Player's team · LOSS
Rival team · WIN
[ REPLAY ANALYSIS · EXTRACTED FROM THE RECORDED GAME ]
Feudal
11:57
Castle
22:39
Imperial
—
| APM avg | 56.1 |
| APM peak | 113 |
| eAPM avg | 19.8 |
| Villagers / military | 61 / 40 |
Focus
⚔️ 38.4% · 🌾 61.6%
Archer ×28 · Battering Ram ×8 · Militia ×4
Feudal
9:18
Castle
—
Imperial
—
| APM avg | 35.6 |
| APM peak | 87 |
| eAPM avg | 14.3 |
| Villagers / military | 39 / 23 |
Focus
⚔️ 30.8% · 🌾 69.2%
Archer ×15 · Militia ×4 · Scout Cavalry ×4
Match map
Initial resources + every placement click. Lines = walls · curves = elevation contours. ◆ gold · ⬟ stone · ● berries · ✦ relic · ◌ wall gap
Your base· Open — 4t gap
Sonic_Snail's base· Open — unwalled flank
Smoothed initial terrain · ◌ = detected wall gap · hover for details
Inputs per minute
— *** - - Sonic_Snail
Build order — ***
First 150 of 175 actions detected
| 0:01 | Queue | Villager (Male) |
| 0:01 | Queue | Villager (Male) |
| 0:02 | Build | House |
| 0:03 | Build | House |
| 0:05 | Queue | Villager (Male) |
| 0:05 | Queue | Villager (Male) |
| 1:23 | Queue | Villager (Male) |
| 1:59 | Queue | Villager (Male) |
| 2:18 | Build | Lumber Camp |
| 2:21 | Queue | Villager (Male) |
| 2:29 | Queue | Villager (Male) |
| 2:29 | Queue | Villager (Male) |
| 2:47 | Queue | Villager (Male) |
| 3:18 | Queue | Villager (Male) |
| 3:36 | Queue | Villager (Male) |
| 3:51 | Build | House |
| 4:14 | Queue | Villager (Male) |
| 4:16 | Queue | Villager (Male) |
| 4:45 | Build | Barracks |
| 5:05 | Queue | Villager (Male) |
| 5:17 | Build | House |
| 5:19 | Queue | Villager (Male) |
| 5:21 | Queue | Villager (Male) |
| 5:39 | Queue | Villager (Male) |
| 5:42 | Queue | Militia |
| 5:43 | Queue | Militia |
| 5:43 | Queue | Militia |
| 6:05 | Queue | Militia |
| 6:09 | Build | House |
| 6:10 | Build | Palisade Wall |
| 6:27 | Queue | Villager (Male) |
| 6:55 | Queue | Villager (Male) |
| 7:17 | Queue | Villager (Male) |
| 7:35 | Queue | Villager (Male) |
| 7:40 | Build | Mill |
| 7:50 | Queue | Villager (Male) |
| 9:06 | Research | Loom |
| 9:20 | Build | Mining Camp |
| 9:47 | Research | Feudal Age |
| 10:42 | Build | Palisade Wall |
| 10:51 | Build | House |
| 10:53 | Build | Palisade Wall |
| 11:54 | Queue | Villager (Male) |
| 11:57 | Age | Feudal Age |
| 11:59 | Build | Archery Range |
| 12:03 | Build | Archery Range |
| 12:06 | Queue | Villager (Male) |
| 12:23 | Build | Blacksmith |
| 12:24 | Queue | Villager (Male) |
| 12:34 | Research | Double-Bit Axe |
| 12:39 | Queue | Archer |
| 12:39 | Queue | Archer |
| 12:49 | Queue | Villager (Male) |
| 12:51 | Queue | Archer |
| 13:03 | Build | Palisade Wall |
| 13:07 | Queue | Archer |
| 13:07 | Queue | Archer |
| 13:14 | Queue | Villager (Male) |
| 13:24 | Research | Fletching |
| 13:28 | Queue | Villager (Male) |
| 13:36 | Build | House |
| 13:46 | Research | Horse Collar |
| 13:48 | Build | Farm |
| 13:55 | Queue | Archer |
| 13:58 | Build | Farm |
| 13:58 | Queue | Villager (Male) |
| 14:06 | Queue | Archer |
| 14:06 | Queue | Villager (Male) |
| 14:40 | Queue | Villager (Male) |
| 14:41 | Build | Farm |
| 14:42 | Queue | Villager (Male) |
| 14:48 | Build | Farm |
| 14:49 | Queue | Archer |
| 14:49 | Queue | Archer |
| 15:03 | Queue | Villager (Male) |
| 15:06 | Build | Farm |
| 15:08 | Build | House |
| 15:22 | Queue | Villager (Male) |
| 15:28 | Build | Palisade Wall |
| 15:30 | Build | Palisade Wall |
| 15:36 | Build | House |
| 15:37 | Build | House |
| 15:40 | Queue | Villager (Male) |
| 15:41 | Queue | Archer |
| 15:41 | Queue | Archer |
| 15:47 | Build | Farm |
| 15:58 | Build | Farm |
| 16:03 | Queue | Villager (Male) |
| 16:07 | Queue | Villager (Male) |
| 16:10 | Research | Padded Archer Armor |
| 16:15 | Queue | Archer |
| 16:15 | Queue | Archer |
| 16:17 | Queue | Villager (Male) |
| 16:25 | Build | Farm |
| 16:38 | Queue | Villager (Male) |
| 16:39 | Queue | Archer |
| 16:40 | Queue | Archer |
| 16:43 | Build | House |
| 16:45 | Build | House |
| 16:47 | Queue | Villager (Male) |
| 16:51 | Queue | Villager (Male) |
| 16:52 | Queue | Archer |
| 17:07 | Queue | Villager (Male) |
| 17:10 | Build | Farm |
| 17:11 | Queue | Villager (Male) |
| 17:16 | Build | Farm |
| 17:19 | Queue | Villager (Male) |
| 17:20 | Queue | Archer |
| 17:20 | Queue | Archer |
| 17:43 | Queue | Villager (Male) |
| 17:44 | Queue | Archer |
| 17:45 | Queue | Archer |
| 17:47 | Build | House |
| 18:17 | Queue | Villager (Male) |
| 18:18 | Queue | Archer |
| 18:24 | Queue | Villager (Male) |
| 18:25 | Queue | Villager (Male) |
| 18:27 | Build | Farm |
| 18:28 | Build | Farm |
| 18:29 | Build | Farm |
| 18:30 | Build | House |
| 18:49 | Queue | Archer |
| 18:49 | Queue | Archer |
| 18:58 | Build | Farm |
| 19:02 | Build | House |
| 19:08 | Queue | Villager (Male) |
| 19:10 | Queue | Archer |
| 19:26 | Queue | Villager (Male) |
| 19:41 | Build | House |
| 19:42 | Build | House |
| 19:44 | Build | House |
| 19:58 | Research | Castle Age |
| 21:39 | Build | House |
| 21:46 | Build | Lumber Camp |
| 22:35 | Research | Gold Mining |
| 22:39 | Age | Castle Age |
| 22:44 | Build | Siege Workshop |
| 22:46 | Build | Siege Workshop |
| 22:50 | Research | Bodkin Arrow |
| 22:50 | Research | Crossbowman (upgrade) |
| 22:51 | Research | Crossbowman (upgrade) |
| 22:53 | Queue | Villager (Male) |
| 23:21 | Queue | Archer |
| 23:21 | Queue | Archer |
| 23:22 | Queue | Villager (Male) |
| 23:34 | Queue | Battering Ram |
| 23:35 | Queue | Villager (Male) |
| 23:39 | Build | Outpost |
| 23:39 | Queue | Villager (Male) |
| 23:48 | Queue | Battering Ram |
Build order — Sonic_Snail
104 actions detected in the replay
| 0:00 | Queue | Villager (Male) |
| 0:00 | Queue | Villager (Male) |
| 0:00 | Queue | Villager (Male) |
| 0:02 | Build | House |
| 0:03 | Build | House |
| 0:33 | Queue | Villager (Male) |
| 1:22 | Queue | Villager (Male) |
| 1:49 | Queue | Villager (Male) |
| 2:23 | Queue | Villager (Male) |
| 2:26 | Build | Lumber Camp |
| 2:54 | Queue | Villager (Male) |
| 3:01 | Queue | Villager (Male) |
| 3:08 | Queue | Villager (Male) |
| 3:50 | Build | House |
| 3:52 | Build | House |
| 4:13 | Queue | Villager (Male) |
| 4:14 | Queue | Villager (Male) |
| 4:23 | Queue | Villager (Male) |
| 4:30 | Build | Palisade Wall |
| 4:31 | Build | Palisade Wall |
| 4:32 | Build | Palisade Wall |
| 5:10 | Queue | Villager (Male) |
| 5:38 | Queue | Villager (Male) |
| 5:39 | Queue | Villager (Male) |
| 5:40 | Research | Loom |
| 6:09 | Build | Barracks |
| 7:08 | Research | Feudal Age |
| 7:36 | Queue | Militia |
| 7:36 | Queue | Militia |
| 7:43 | Build | Mill |
| 8:06 | Queue | Militia |
| 8:26 | Build | House |
| 8:37 | Queue | Militia |
| 8:43 | Build | Mining Camp |
| 9:18 | Age | Feudal Age |
| 9:24 | Queue | Villager (Male) |
| 9:39 | Queue | Villager (Male) |
| 9:51 | Build | Farm |
| 9:53 | Build | Farm |
| 10:07 | Build | Archery Range |
| 10:21 | Queue | Villager (Male) |
| 10:49 | Queue | Villager (Male) |
| 10:52 | Build | Farm |
| 11:00 | Build | House |
| 11:01 | Queue | Archer |
| 11:02 | Queue | Archer |
| 11:17 | Queue | Villager (Male) |
| 11:34 | Build | Mill |
| 11:43 | Build | House |
| 11:44 | Queue | Villager (Male) |
| 12:08 | Queue | Villager (Male) |
| 12:10 | Build | Farm |
| 12:13 | Build | Farm |
| 12:24 | Queue | Archer |
| 12:33 | Queue | Villager (Male) |
| 12:46 | Research | Double-Bit Axe |
| 12:51 | Build | Palisade Gate |
| 12:52 | Build | Palisade Wall |
| 13:00 | Queue | Villager (Male) |
| 13:03 | Build | Farm |
| 13:19 | Queue | Archer |
| 13:27 | Queue | Villager (Male) |
| 13:49 | Queue | Villager (Male) |
| 13:54 | Build | Blacksmith |
| 14:05 | Queue | Archer |
| 14:08 | Queue | Villager (Male) |
| 14:25 | Queue | Archer |
| 14:34 | Queue | Villager (Male) |
| 14:48 | Research | Fletching |
| 14:53 | Queue | Archer |
| 14:56 | Build | Stable |
| 15:10 | Build | Palisade Wall |
| 15:13 | Queue | Villager (Male) |
| 15:13 | Queue | Villager (Male) |
| 15:19 | Queue | Villager (Male) |
| 15:23 | Build | Farm |
| 15:39 | Build | Palisade Wall |
| 15:47 | Build | Farm |
| 15:49 | Queue | Villager (Male) |
| 15:51 | Queue | Scout Cavalry |
| 15:57 | Queue | Archer |
| 16:06 | Build | House |
| 16:14 | Build | House |
| 16:15 | Build | Palisade Wall |
| 16:20 | Queue | Archer |
| 16:22 | Queue | Scout Cavalry |
| 16:30 | Build | House |
| 16:34 | Build | House |
| 16:47 | Queue | Archer |
| 16:59 | Queue | Villager (Male) |
| 17:17 | Queue | Archer |
| 17:29 | Build | Farm |
| 18:00 | Queue | Villager (Male) |
| 18:09 | Queue | Archer |
| 18:10 | Queue | Archer |
| 18:23 | Queue | Archer |
| 18:23 | Queue | Archer |
| 18:24 | Queue | Scout Cavalry |
| 18:24 | Queue | Scout Cavalry |
| 18:34 | Build | Lumber Camp |
| 18:50 | Queue | Villager (Male) |
| 18:50 | Queue | Villager (Male) |
| 18:50 | Queue | Villager (Male) |
| 19:25 | Queue | Villager (Male) |
Match timeline
| 4:30 | Sonic_Snail · wall_segment Palisade Wall x3 |
| 4:31 | Sonic_Snail · wall_segment Palisade Wall x3 |
| 4:32 | Sonic_Snail · wall_segment Palisade Wall x1 |
| 4:45 | *** · first_building Barracks |
| 6:09 | Sonic_Snail · first_building Barracks |
| 6:10 | *** · wall_segment Palisade Wall x1 |
| 9:18 | Sonic_Snail · age_up feudal |
| 10:07 | Sonic_Snail · first_building Archery Range |
| 10:42 | *** · wall_segment Palisade Wall x9 |
| 10:53 | *** · wall_segment Palisade Wall x4 |
| 11:57 | *** · age_up feudal |
| 11:59 | *** · first_building Archery Range |
| 12:52 | Sonic_Snail · wall_segment Palisade Wall x1 |
| 13:03 | *** · wall_segment Palisade Wall x6 |
| 14:56 | Sonic_Snail · first_building Stable |
| 15:10 | Sonic_Snail · wall_segment Palisade Wall x21 |
| 15:28 | *** · wall_segment Palisade Wall x1 |
| 15:30 | *** · wall_segment Palisade Wall x7 |
| 15:39 | Sonic_Snail · wall_segment Palisade Wall x7 |
| 16:15 | Sonic_Snail · wall_segment Palisade Wall x1 |
| 22:39 | *** · age_up castle |
| 22:44 | *** · first_building Siege Workshop |
[ AI ANALYSIS · 1 CREDIT ]
What really happened in this match?
Wolo.gg analyzes every decision: build order, eco, micro, common mistakes by bracket. Personalized analysis on WhatsApp or Discord in 30 seconds.
Civ guide
Italians
Perfil
Jugador #13688575